AoeStats
← Aprendiendo

Arabia

503284271Analyzed
1v1 RM · 1mo ago on Aug 31, 2026· 41m 6s· 2 players
Game mode
Random Map
Map size
Tiny (2 player)
Population
200
Speed
Normal
Resources
Standard
Victory
Conquest
Starting age
Dark Age
Ending age
Imperial Age
RankedLock teamsTeams togetherTeam positionsShared explorationLock speedFull tech treeHidden civsTurbo modeCheats
Victory
Defeat
🇦🇷 Persians · Argentina
1212
+17
🇦🇷 Wu · Argentina
1240
-17
RappeGol
6:14 Loom
9:09 Feudal Age
9:29 Double-Bit Axe
13:20 Horse Collar
19:17 Castle Age
17:31 Gold Mining
18:23 Scale Barding Armor
18:38 Bloodlines
20:00 Bow Saw
28:23 Husbandry
29:28 Wheelbarrow
29:57 Wheelbarrow
29:07 Town Watch
30:16 Chain Barding Armor
31:33 Stone Mining
32:28 Gold Shaft Mining
35:04 Imperial Age
32:18 Man-at-Arms
33:00 Squires
32:45 Arson
33:03 Scale Mail Armor
33:03 Long Swordsman
34:36 Chain Mail Armor
35:47 Stone Shaft Mining
36:23 Plate Mail Armor
38:57 Forging
Aprendiendo
6:43 Loom
9:32 Feudal Age
10:00 Double-Bit Axe
14:42 Horse Collar
17:45 Wheelbarrow
20:05 Castle Age
19:23 Forging
19:19 Scale Barding Armor
19:45 Bloodlines
19:49 Gold Mining
20:21 Scale Mail Armor
21:11 Husbandry
20:39 Pikeman
21:20 Squires
22:28 Bow Saw
23:35 Chain Mail Armor
24:28 Heavy Plow
26:39 Iron Casting
28:18 Fletching
29:17 Stone Mining
32:17 Town Watch
35:05 Imperial Age
34:13 Hand Cart
35:20 Bodkin Arrow
36:59 Plate Mail Armor
38:24 Blast Furnace
37:50 Conscription
39:41 Bracer
40:44 Padded Archer Armor
Connection lost

Rejoining the realm…

Still unreachable

The connection could not be restored.

Session expired

The server has moved on; the page needs a fresh start.